SAA
LITTLE CAESARS HOT N READYS @ PHOENIX HOTSPUR YOUTH
08/06/2024
 
TOP OF THE 1ST
Little Caesars Hot N Readys batting - Pitching for Phoenix Hotspur Youth : RHP Adam Garrison
Pitching: RHP Adam Garrison
Batting: LHB César Muńóz 0-0: Ball
1-0: Called Strike
1-1: Called Strike
1-2: Ball
2-2: Ball
3-2: Foul Ball, location: 2F
3-2: SINGLE (Groundball, 34D)
Batting: RHB Spencer Curry 0-0: Ball
1-0: Called Strike
1-1: Foul Ball, location: 2F
1-2: Grounds into double play, 6-4-3 (Groundball, 6)
Batting: LHB Andrés Chávez 0-0: Ball
1-0: Ball
2-0: Called Strike
2-1: Ball
3-1: Called Strike
3-2: Base on Balls
Batting: RHB Mo Zhou 0-0: Ball
1-0: Ball
2-0: Ball
3-0: Called Strike
3-1: DOUBLE (Line Drive, 9D)
Andrés Chávez to third
Batting: SHB Ryan Forrest 0-0: Called Strike
0-1: SINGLE (Line Drive, 6MD)
Andrés Chávez scores
Mo Zhou to third
Runner from 3rd tries for Home, SAFE, no throw or cutoff
Batting: RHB John Thompson 0-0: Ball
1-0: Called Strike
1-1: Foul Ball, location: 2F
1-2: Foul Ball, location: 2F
Pickoff Throw to First - Out!
Top of the 1st over - 2 run(s), 3 hit(s), 0 error(s), 0 left on base; Little Caesars 2 - Phoenix Hotspur 0
BOTTOM OF THE 1ST
Phoenix Hotspur Youth batting - Pitching for Little Caesars Hot N Readys : RHP Leif Mayer
Pitching: RHP Leif Mayer
Batting: RHB Wilson Castillo 0-0: Foul Ball, location: 2F
0-1: Swinging Strike
0-2: Strikes out swinging
Batting: RHB Alex Niemann 0-0: Ball
1-0: Ball
2-0: Ball
3-0: Called Strike
3-1: Base on Balls
Batting: LHB Ricardo Peńa 0-0: Called Strike
0-1: Ball
1-1: Fly out, F8 (Flyball, 8RD)
Batting: RHB Jim Unknown 0-0: Ball
1-0: Swinging Strike
1-1: Foul Ball, location: 2F
1-2: Foul Ball, location: 2F
1-2: Ball
2-2: Ball
3-2: Ground out 6-3 (Groundball, 6)
Bottom of the 1st over - 0 run(s), 0 hit(s), 0 error(s), 1 left on base; Little Caesars 2 - Phoenix Hotspur 0
TOP OF THE 2ND
Little Caesars Hot N Readys batting - Pitching for Phoenix Hotspur Youth : RHP Adam Garrison
Batting: RHB John Thompson 0-0: Ball
1-0: Called Strike
1-1: Ball
2-1: Swinging Strike
2-2: Ball
3-2: Foul Ball, location: 2F
3-2: Base on Balls
Batting: RHB Mike Thompson 0-0: Foul Ball, location: 2F
0-1: Ball
1-1: Ball
2-1: Foul Ball, location: 2F
2-2: Grounds into double play, 6-4-3 (Groundball, 6M)
Batting: RHB Lorenzo Sabastro 0-0: SINGLE (Line Drive, 56D)
Batting: RHB Young-hwan Hyon 0-0: Called Strike
0-1: Called Strike
Lorenzo Sabastro steals 2nd base
0-2: Strikes out swinging
Top of the 2nd over - 0 run(s), 1 hit(s), 0 error(s), 1 left on base; Little Caesars 2 - Phoenix Hotspur 0
BOTTOM OF THE 2ND
Phoenix Hotspur Youth batting - Pitching for Little Caesars Hot N Readys : RHP Leif Mayer
Batting: RHB Jesús Mejía 0-0: Called Strike
0-1: Ball
1-1: Swinging Strike
1-2: Ball
2-2: Ball
3-2: Strikes out looking
Batting: RHB Pedro Martínez 0-0: Foul Ball, location: 2F
0-1: Ball
1-1: Ball
2-1: Ball
3-1: DOUBLE (Line Drive, 9LS)
Batting: LHB Kenny Scott 0-0: Ball
1-0: Fly out, F9 (Flyball, 89M)
Batting: RHB Javier González 0-0: Called Strike
0-1: Called Strike
0-2: Ball
1-2: Ball
2-2: Ball
3-2: Base on Balls
Batting: LHB Richard Alpert 0-0: Called Strike
0-1: Ball
1-1: Ball
2-1: Ball
3-1: Base on Balls
Pedro Martínez to third
Javier González to second
Batting: RHB Wilson Castillo 0-0: Ball
1-0: Swinging Strike
1-1: Ball
2-1: Called Strike
2-2: Fly out, F9 (Flyball, 89M)
Bottom of the 2nd over - 0 run(s), 1 hit(s), 0 error(s), 3 left on base; Little Caesars 2 - Phoenix Hotspur 0
TOP OF THE 3RD
Little Caesars Hot N Readys batting - Pitching for Phoenix Hotspur Youth : RHP Adam Garrison
Batting: LHB César Muńóz 0-0: Ball
1-0: Swinging Strike
1-1: Bunt missed!
1-2: Ball
2-2: SINGLE (Groundball, 34D)
Batting: RHB Spencer Curry 0-0: Ball
1-0: Ball
2-0: Swinging Strike
2-1: Swinging Strike
2-2: Foul Ball, location: 2F
2-2: Ground out 2-3 (Groundball, 25)
César Muńóz to second
Batting: LHB Andrés Chávez 0-0: Ball
1-0: Ball
2-0: Called Strike
César Muńóz steals 3rd base
2-1: Foul Ball, location: 2F
2-2: Ball
3-2: Foul Ball, location: 2F
3-2: Base on Balls
Batting: RHB Mo Zhou 0-0: SINGLE (Groundball, 56D)
César Muńóz scores
Andrés Chávez to second
Batting: SHB Ryan Forrest 0-0: Called Strike
0-1: Ball
1-1: Foul Ball, location: 2F
1-2: TRIPLE (Line Drive, 9LS)
Andrés Chávez scores
Mo Zhou scores
Batting: RHB John Thompson 0-0: Ball
1-0: Ball
2-0: Ball
3-0: Base on Balls
Batting: RHB Mike Thompson 0-0: Called Strike
0-1: Ball
1-1: Ball
2-1: Ball
3-1: SINGLE (Line Drive, 4MD)
Ryan Forrest scores
John Thompson to second
Batting: RHB Lorenzo Sabastro 0-0: Ball
1-0: Ball
2-0: Called Strike
2-1: SINGLE (Groundball, 56D)
John Thompson to third
Mike Thompson to second
Runner from 3rd tries for Home, SAFE, throw made at trailing runner, OUT at third!
Pitching: LHP Juan López
Batting: RHB Young-hwan Hyon 0-0: Ball
1-0: Called Strike
Lorenzo Sabastro steals 2nd base
1-1: SINGLE (Groundball, 25) (infield hit)
Lorenzo Sabastro to third
Batting: LHB César Muńóz 0-0: Foul Ball, location: 2F
0-1: Ball
1-1: Swinging Strike
1-2: Strikes out swinging
Top of the 3rd over - 5 run(s), 6 hit(s), 0 error(s), 2 left on base; Little Caesars 7 - Phoenix Hotspur 0
BOTTOM OF THE 3RD
Phoenix Hotspur Youth batting - Pitching for Little Caesars Hot N Readys : RHP Leif Mayer
Batting: RHB Alex Niemann 0-0: Called Strike
0-1: Ball
1-1: Ground out 6-3 (Groundball, 6)
Batting: LHB Ricardo Peńa 0-0: Fly out, F8 (Popup, 6MD)
Batting: RHB Jim Unknown 0-0: Ball
1-0: Ball
2-0: Fly out, F6 (Popup, 6D)
Bottom of the 3rd over - 0 run(s), 0 hit(s), 0 error(s), 0 left on base; Little Caesars 7 - Phoenix Hotspur 0
TOP OF THE 4TH
Little Caesars Hot N Readys batting - Pitching for Phoenix Hotspur Youth : LHP Juan López
Batting: RHB Spencer Curry 0-0: Called Strike
0-1: Fly out, F5 (Popup, 5F)
Batting: LHB Andrés Chávez 0-0: Ball
1-0: Called Strike
1-1: DOUBLE (Line Drive, 89XD)
Batting: RHB Mo Zhou 0-0: Swinging Strike
0-1: Foul Ball, location: 2F
0-2: Ground out 6-3 (Groundball, 6)
Andrés Chávez to third
Batting: SHB Ryan Forrest 0-0: Called Strike
0-1: Ball
1-1: SINGLE (Line Drive, 4M)
Andrés Chávez scores
Batting: RHB John Thompson 0-0: Called Strike
0-1: Ball
1-1: Ball
2-1: Swinging Strike
2-2: Foul Ball, location: 2F
2-2: Strikes out swinging
Top of the 4th over - 1 run(s), 2 hit(s), 0 error(s), 1 left on base; Little Caesars 8 - Phoenix Hotspur 0
BOTTOM OF THE 4TH
Phoenix Hotspur Youth batting - Pitching for Little Caesars Hot N Readys : RHP Leif Mayer
Batting: RHB Jesús Mejía 0-0: Ball
1-0: Fly out, F8 (Flyball, 8LM)
Batting: RHB Pedro Martínez 0-0: Foul Ball, location: 2F
0-1: Foul Ball, location: 2F
0-2: Ball
1-2: Ball
2-2: Strikes out swinging
Batting: LHB Kenny Scott 0-0: Fly out, F9 (Flyball, 9LM)
Bottom of the 4th over - 0 run(s), 0 hit(s), 0 error(s), 0 left on base; Little Caesars 8 - Phoenix Hotspur 0
TOP OF THE 5TH
Little Caesars Hot N Readys batting - Pitching for Phoenix Hotspur Youth : LHP Juan López
Batting: RHB Mike Thompson 0-0: Called Strike
0-1: Swinging Strike
0-2: SINGLE (Line Drive, 8LS)
Batting: RHB Lorenzo Sabastro 0-0: Bunted foul
0-1: Bunted foul
0-2: Ball
1-2: Fly out, F8 (Flyball, 8RM)
Batting: RHB Young-hwan Hyon 0-0: Called Strike
0-1: Swinging Strike
0-2: Strikes out swinging
Batting: LHB César Muńóz 0-0: Called Strike
0-1: Swinging Strike
0-2: Ball
1-2: Ball
2-2: Strikes out looking
Top of the 5th over - 0 run(s), 1 hit(s), 0 error(s), 1 left on base; Little Caesars 8 - Phoenix Hotspur 0
BOTTOM OF THE 5TH
Phoenix Hotspur Youth batting - Pitching for Little Caesars Hot N Readys : RHP Leif Mayer
Batting: RHB Javier González 0-0: Called Strike
0-1: Ball
1-1: Foul Ball, location: 2F
1-2: Strikes out swinging
Batting: LHB Richard Alpert 0-0: Ball
1-0: Ball
2-0: Called Strike
2-1: Fly out, F9 (Flyball, 89M)
Batting: RHB Wilson Castillo 0-0: Ground out 6-3 (Groundball, 6)
Bottom of the 5th over - 0 run(s), 0 hit(s), 0 error(s), 0 left on base; Little Caesars 8 - Phoenix Hotspur 0
TOP OF THE 6TH
Little Caesars Hot N Readys batting - Pitching for Phoenix Hotspur Youth : LHP Juan López
Batting: RHB Spencer Curry 0-0: Called Strike
0-1: DOUBLE (Line Drive, 7LM)
Batting: LHB Andrés Chávez 0-0: Ball
1-0: Ground out 4-3 (Groundball, 4)
Spencer Curry to third
Batting: RHB Mo Zhou 0-0: Ball
1-0: Called Strike
1-1: Ball
2-1: Foul Ball, location: 2F
2-2: Strikes out swinging
Batting: SHB Ryan Forrest 0-0: SINGLE (Groundball, 56D)
Spencer Curry scores
Batting: RHB John Thompson 0-0: Ball
1-0: Fly out, F9 (Flyball, 89D)
Top of the 6th over - 1 run(s), 2 hit(s), 0 error(s), 1 left on base; Little Caesars 9 - Phoenix Hotspur 0
BOTTOM OF THE 6TH
Phoenix Hotspur Youth batting - Pitching for Little Caesars Hot N Readys : RHP Leif Mayer
Batting: RHB Alex Niemann 0-0: Fly out, F7 (Flyball, 7LD)
Batting: LHB Ricardo Peńa 0-0: Ground out 6-3 (Groundball, 6M)
Batting: RHB Jim Unknown 0-0: Called Strike
0-1: Ball
1-1: Called Strike
1-2: Strikes out swinging
Bottom of the 6th over - 0 run(s), 0 hit(s), 0 error(s), 0 left on base; Little Caesars 9 - Phoenix Hotspur 0
TOP OF THE 7TH
Little Caesars Hot N Readys batting - Pitching for Phoenix Hotspur Youth : LHP Juan López
Batting: RHB Mike Thompson 0-0: Ball
1-0: Foul Ball, location: 2F
1-1: Ball
2-1: Foul Ball, location: 2F
2-2: Foul Ball, location: 2F
2-2: Ball
3-2: Base on Balls
Batting: RHB Lorenzo Sabastro 0-0: Ball
1-0: Sac Bunt - play at second, runner OUT! 3-6
Batting: RHB Young-hwan Hyon 0-0: Ball
1-0: Swinging Strike
1-1: Ball
Lorenzo Sabastro steals 2nd base
2-1: Ground out 4-3 (Groundball, 4M)
Lorenzo Sabastro to third
Batting: LHB César Muńóz 0-0: Called Strike
0-1: Called Strike
0-2: Strikes out swinging
Top of the 7th over - 0 run(s), 0 hit(s), 0 error(s), 1 left on base; Little Caesars 9 - Phoenix Hotspur 0
BOTTOM OF THE 7TH
Phoenix Hotspur Youth batting - Pitching for Little Caesars Hot N Readys : RHP Leif Mayer
Batting: RHB Jesús Mejía 0-0: Swinging Strike
0-1: Swinging Strike
0-2: Strikes out looking
Batting: RHB Pedro Martínez 0-0: Ball
1-0: Foul Ball, location: 2F
1-1: Swinging Strike
1-2: Strikes out swinging
Batting: LHB Kenny Scott 0-0: Ball
1-0: Swinging Strike
1-1: Called Strike
1-2: Ball
2-2: Strikes out swinging
Bottom of the 7th over - 0 run(s), 0 hit(s), 0 error(s), 0 left on base; Little Caesars 9 - Phoenix Hotspur 0
TOP OF THE 8TH
Little Caesars Hot N Readys batting - Pitching for Phoenix Hotspur Youth : LHP Juan López
Batting: RHB Spencer Curry 0-0: Ball
1-0: Ball
2-0: Called Strike
2-1: Foul Ball, location: 2F
2-2: Ball
3-2: Foul Ball, location: 2F
3-2: Foul Ball, location: 2F
3-2: Ground out 5-3 (Groundball, 56)
Batting: LHB Andrés Chávez 0-0: Ball
1-0: Called Strike
1-1: Ball
2-1: Foul Ball, location: 2F
2-2: Ground out U3 (Groundball, 3)
Batting: RHB Mo Zhou 0-0: Ball
1-0: Ball
2-0: Foul Ball, location: 2F
2-1: Foul Ball, location: 2F
2-2: Ball
3-2: Ground out 4-3 (Groundball, 4)
Top of the 8th over - 0 run(s), 0 hit(s), 0 error(s), 0 left on base; Little Caesars 9 - Phoenix Hotspur 0
BOTTOM OF THE 8TH
Phoenix Hotspur Youth batting - Pitching for Little Caesars Hot N Readys : RHP Leif Mayer
Batting: RHB Javier González 0-0: SINGLE (Groundball, 4MD)
Batting: LHB Richard Alpert 0-0: Ball
1-0: Ball
2-0: Fly out, F5 (Popup, 5F)
Batting: RHB Wilson Castillo 0-0: Ball
1-0: Called Strike
1-1: Called Strike
1-2: Ball
2-2: Fielders Choice at 2nd, 1-6 (Groundball, 15)
Batting: RHB Alex Niemann 0-0: Called Strike
0-1: Ball
1-1: Foul Ball, location: 2F
1-2: Foul Ball, location: 2F
1-2: Foul Ball, location: 2F
1-2: Fly out, F7 (Flyball, 7M)
Bottom of the 8th over - 0 run(s), 1 hit(s), 0 error(s), 1 left on base; Little Caesars 9 - Phoenix Hotspur 0
TOP OF THE 9TH
Little Caesars Hot N Readys batting - Pitching for Phoenix Hotspur Youth : LHP Juan López
Batting: SHB Ryan Forrest 0-0: Called Strike
0-1: Ball
1-1: Foul Ball, location: 2F
1-2: Ball
2-2: Foul Ball, location: 2F
2-2: SINGLE (Line Drive, 9LM)
Batting: RHB John Thompson 0-0: Called Strike
0-1: Ball
1-1: Ball
2-1: Bunt missed!
2-2: Foul Ball, location: 2F
2-2: SINGLE (Line Drive, 34)
Ryan Forrest to second
Runner from 2nd tries for 3rd, SAFE, no throw or cutoff
Batting: RHB Mike Thompson 0-0: Called Strike
0-1: Ball
1-1: Foul Ball, location: 2F
1-2: Foul Ball, location: 2F
1-2: Foul Ball, location: 2F
1-2: Foul Ball, location: 2F
1-2: Ball
2-2: Ground out 5-3 (Groundball, 56S)
Ryan Forrest scores
John Thompson to second
Batting: RHB Lorenzo Sabastro 0-0: Ball
1-0: SINGLE (Line Drive, 56D)
John Thompson to third
Runner from 3rd tries for Home, SAFE, throw made home
Lorenzo Sabastro to second
Pitching: LHP Juan Alou
Batting: RHB Young-hwan Hyon 0-0: Foul Ball, location: 2F
0-1: Called Strike
0-2: Fly out, F9 (Flyball, 8RM)
Batting: LHB César Muńóz 0-0: Called Strike
0-1: Ball
1-1: Ball
2-1: Foul Ball, location: 2F
2-2: Ground out 1-3 (Groundball, 13S)
Top of the 9th over - 2 run(s), 3 hit(s), 0 error(s), 1 left on base; Little Caesars 11 - Phoenix Hotspur 0
BOTTOM OF THE 9TH
Phoenix Hotspur Youth batting - Pitching for Little Caesars Hot N Readys : RHP Leif Mayer
Batting: LHB Ricardo Peńa 0-0: Ball
1-0: SINGLE (Flyball, 8LS)
Pitching: LHP Jim Unknown
Batting: RHB Jim Unknown 0-0: Ball
1-0: Ball
2-0: Ball
3-0: Base on Balls
Ricardo Peńa to second
Pinch Hitting: RHB Marc Meertens 0-0: SINGLE (Groundball, 6MD)
Ricardo Peńa to third
Jim Unknown to second
Runner from 3rd tries for Home, SAFE, no throw or cutoff
Batting: RHB Pedro Martínez 0-0: Called Strike
0-1: Ball
1-1: Ball
2-1: Ball
3-1: SINGLE (Line Drive, 4D)
Jim Unknown to third
Marc Meertens to second
Batting: LHB Kenny Scott 0-0: Called Strike
0-1: Ball
1-1: Ball
2-1: Ball
3-1: Foul Ball, location: 2F
3-2: Grounds into double play, U4-3 (Groundball, 4)
Jim Unknown scores
Marc Meertens to third
Batting: RHB Javier González 0-0: Called Strike
0-1: Ball
1-1: Called Strike
1-2: Foul Ball, location: 2F
1-2: SINGLE (Groundball, 5D)
Marc Meertens scores
Batting: LHB Richard Alpert 0-0: Called Strike
0-1: Ball
1-1: SINGLE (Flyball, 7S)
Javier González to second
Batting: RHB Wilson Castillo 0-0: Fly out, F7 (Flyball, 7M)
Bottom of the 9th over - 3 run(s), 5 hit(s), 0 error(s), 2 left on base; Little Caesars 11 - Phoenix Hotspur 3
This league is powered by Out of the Park Baseball, the baseball management simulation game for PC, Mac and Linux
Monday, October 3rd, 2016 - OOTP Baseball 16.9 Build 39